 Dungeon Crawl Stone Soup version 0.25.1-2-g60ff931df9 (webtiles) character file.

Game seed: 15186383239071036706

82 funkygono the Skirmisher (level 4, -5/29 HPs)
             Began as a Gargoyle Monk on Oct 24, 2020.
             Slain by an ogre
             ... wielding a +0 giant club
              (7 damage)
             ... on level 3 of the Dungeon.
             The game lasted 00:04:20 (2618 turns).

funkygono the Skirmisher (Gargoyle Monk)            Turns: 2618, Time: 00:04:20

Health: -5/29      AC: 10    Str: 16    XL:     4   Next: 43%
Magic:  4/4        EV: 14    Int: 10    God:
Gold:   106        SH:  0    Dex: 12    Spells: 3/3 levels left

rFire    + . .     SeeInvis .   a - +2 mace
rCold    . . .     Gourm    .   (no shield)
rNeg     + . .     Faith    .   d - +0 scale mail
rPois    ∞         Spirit   .   (no helmet)
rElec    +         Reflect  .   (no cloak)
rCorr    .         Harm     .   (no gloves)
MR       .....                  r - +0 pair of boots
Stlth    +.........             p - amulet of inaccuracy (curse)
HPRegen  0.09/turn              q - +4 ring of evasion
MPRegen  0.09/turn              t - ring of protection from fire

@: no status effects
A: negative energy resistance 1, electricity resistance, unbreathing,
petrification resistance, rot immunity, AC +3
a: no special abilities


You were on level 3 of the Dungeon.
You were hungry.

You visited 1 branch of the dungeon, and saw 3 of its levels.

You collected 106 gold pieces.

Inventory:

Hand Weapons
 a - a +2 mace (weapon)
Missiles
 e - 20 bolts
 j - 85 stones (quivered)
 s - 24 arrows
Armour
 b - a +0 robe
 d - a +0 scale mail (worn)
 n - a +0 ring mail
 r - a +0 pair of boots (worn)
Jewellery
 p - a cursed amulet of inaccuracy (around neck)
 q - a +4 ring of evasion (left hand)
 t - a ring of protection from fire (right hand)
Scrolls
 g - a scroll of teleportation
Potions
 f - a potion of brilliance {unknown}
 h - a potion of magic {unknown}
 m - 2 potions of berserk rage
 o - a potion of curing
Comestibles
 c - 5 rations
 i - a chunk of flesh


   Skills:
 + Level 4.0 Fighting
 + Level 4.0 Maces & Flails
 + Level 0.5 Armour
 + Level 2.9 Dodging
 - Level 2.1 Stealth


You had 3 spell levels left.
You didn't know any spells.
Your spell library was empty.

Dungeon Overview and Level Annotations

Branches:
Dungeon (3/15)

Altars:
Wu Jian


Innate Abilities, Weirdness & Mutations

You are resistant to torment.
Your stone body is resilient. (AC +3)
You are immune to poison.
You resist negative energy. (rN+)
You are resistant to electric shocks. (rElec)
You can survive without breathing.
You are immune to petrification.
You are immune to rotting.


Message History

Your magical contamination has completely faded away.
An ogre comes into view. It is wielding a +0 giant club.
The ogre shouts!
You hear the slow rusting of a drain.
The ogre hits you with a +0 giant club.
You hit the ogre.
The ogre is lightly wounded.
You closely miss the ogre.
The ogre is lightly wounded.
The ogre hits you with a +0 giant club!
You closely miss the ogre.
The ogre is lightly wounded.
The ogre hits you with a +0 giant club!
Ouch! That really hurt!
* * * LOW HITPOINT WARNING * * *
You hit the ogre.
The ogre is moderately wounded.
The ogre closely misses you. The ogre hits you with a +0 giant club!
You die...

#........ #....... #......
# #.#####
##.....##.##...#.....#
##.......#....>##.###..
#...........##.##......
####.....................#
........O.....# #....###..
####.....@....# #.......##
######....## #.......##
#...## #.......# #....#
#.....).# #....# #.......#
#....# #.......#
#....####.......#
#......##.......#
#...##............


You could see an ogre.

Vanquished Creatures
  2 adders (D:2)
  An ooze (D:1)
  2 worms (D:2)
  A dart slug (D:1)
  3 leopard geckos
  2 giant cockroaches
  9 hobgoblins
  3 kobolds
  2 quokkas (D:2)
  A ball python (D:1)
  6 bats
  7 frilled lizards
  4 goblins
  8 rats
51 creatures vanquished.

Notes
Turn   | Place    | Note
-------+----------+-------------------------------------------
     0 | D:1      | funkygono the Gargoyle Monk began the quest for the Orb.
     0 | D:1      | Reached XP level 1. HP: 14/14 MP: 1/1
   227 | D:1      | Reached XP level 2. HP: 13/19 MP: 2/2
   784 | D:1      | Reached XP level 3. HP: 24/24 MP: 3/3
  1920 | D:2      | Found an ornate altar of the Wu Jian Council.
  2006 | D:2      | Reached XP level 4. HP: 29/29 MP: 4/4
  2608 | D:3      | Noticed an ogre
  2618 | D:3      | Slain by an ogre

Illustrated notes

Levels and vault maps discovered:
D:1:      scummos_arrival_checkerplants, layout_loops_corners,
          hangedman_decor_diamond_cutter
D:2:      layout_loops_corners, marbit_many_paths
D:3:      layout_rooms, nicolae_overflow_crystal_walls, lemuel_round_altar,
          lightli_sewer_entry_pipes

Skill      XL: |  1  2  3  4 |
---------------+-------------+-----
Fighting       | 4 |  4.0
Maces & Flails | 4 |  4.0
Armour         | |  0.5
Dodging        | |  2.9
Stealth        | |  2.1

Action                   |  1- 3 |  4- 6 || total
-------------------------+-------+-------++-------
Melee: Mace              |   143 |    64 ||   207
Throw: Stone             |       |     1 ||     1
  Use: Scroll            |     4 |     4 ||     8
 Stab: Sleeping          |     6 |       ||     6
       Distracted        |     1 |       ||     1
  Eat: Chunk             |     4 |     1 ||     5
Armor: Robe              |    17 |       ||    17
       Scale mail        |    40 |    29 ||    69
       Ring mail         |     1 |       ||     1
Dodge: Dodged            |   101 |    41 ||   142
